NWL (28 & UNDER)
MOOSE JAW GHOSTBUSTERS @ SAN DIEGO SMASHERS
06/04/2023
 
TOP OF THE 1ST
Moose Jaw Ghostbusters batting - Pitching for San Diego Smashers : RHP Duane Carlson
Pitching: RHP Duane Carlson
Batting: RHB Pedro Meza 0-0: Called Strike
0-1: Ball
1-1: Ball
2-1: Hit by Pitch
Batting: LHB Will Vale 0-0: Ball
1-0: Ground out 4-3 (Groundball, 13)
Pedro Meza to second
Batting: RHB Earl Wiggins 0-0: Ball
1-0: Foul Ball, location: 2F
1-1: 2-RUN HOME RUN (Line Drive, 7D), Distance : 364 ft
Batting: RHB Paco Hernández 0-0: Foul Ball, location: 2F
0-1: Foul Ball, location: 2F
0-2: Strikes out looking
Batting: LHB Bartolo Villanueva 0-0: Ball
1-0: Called Strike
1-1: Called Strike
1-2: Ball
2-2: Strikes out swinging
Top of the 1st over - 2 run(s), 1 hit(s), 0 error(s), 0 left on base; Moose Jaw 2 - San Diego 0
BOTTOM OF THE 1ST
San Diego Smashers batting - Pitching for Moose Jaw Ghostbusters : RHP Ken Rogers
Pitching: RHP Ken Rogers
Batting: RHB Luis Peña 0-0: Called Strike
0-1: Ball
1-1: Ball
2-1: Ground out 5-3 (Groundball, 5S)
Batting: RHB Cisco Gatán 0-0: Ball
1-0: Swinging Strike
1-1: Ball
2-1: Ball
3-1: Base on Balls
Batting: LHB Jeffrey Bascombe 0-0: Ball
1-0: Swinging Strike
1-1: Ball
2-1: Fly out, F9 (Flyball, 9S)
Batting: LHB Raúl Guerra 0-0: Ball
1-0: Called Strike
1-1: Foul Ball, location: 2F
1-2: Strikes out swinging
Bottom of the 1st over - 0 run(s), 0 hit(s), 0 error(s), 1 left on base; Moose Jaw 2 - San Diego 0
TOP OF THE 2ND
Moose Jaw Ghostbusters batting - Pitching for San Diego Smashers : RHP Duane Carlson
Batting: RHB Domingo Matos 0-0: Ball
1-0: Fly out, F8 (Line Drive, 89S)
Batting: RHB John Major 0-0: Ball
1-0: Foul Ball, location: 2F
1-1: Foul Ball, location: 2F
1-2: Ball
2-2: Ball
3-2: SOLO HOME RUN (Flyball, 89XD), Distance : 422 ft
Batting: RHB Aaron Wilson 0-0: Ball
1-0: Foul Ball, location: 2F
1-1: Ball
2-1: Called Strike
2-2: Foul Ball, location: 2F
2-2: Foul Ball, location: 2F
2-2: Ball
3-2: Ground out 6-3 (Groundball, 6)
Batting: LHB Carlos López 0-0: Called Strike
0-1: Foul Ball, location: 2F
0-2: Foul Ball, location: 2F
0-2: DOUBLE (Line Drive, 5D)
Batting: RHB Pedro Meza 0-0: Foul Ball, location: 2F
0-1: Foul Ball, location: 2F
0-2: Ball
1-2: Ball
2-2: Ball
3-2: Fly out, F8 (Flyball, 8LS)
Top of the 2nd over - 1 run(s), 2 hit(s), 0 error(s), 1 left on base; Moose Jaw 3 - San Diego 0
BOTTOM OF THE 2ND
San Diego Smashers batting - Pitching for Moose Jaw Ghostbusters : RHP Ken Rogers
Batting: RHB Francisco Castillo 0-0: Fly out, F5 (Line Drive, 56)
Batting: SHB Yoshitoki Kouda 0-0: Ball
1-0: Ball
2-0: Ball
3-0: Called Strike
3-1: Foul Ball, location: 2F
3-2: Foul Ball, location: 2F
3-2: Base on Balls
Batting: LHB Raynard Brenner 0-0: Ball
1-0: Called Strike
1-1: Ball
2-1: Foul Ball, location: 2F
2-2: Foul Ball, location: 2F
2-2: Ball
3-2: Strikes out looking
Batting: RHB Miguel Moreno 0-0: Ball
1-0: Ball
2-0: Called Strike
2-1: Fly out, F9 (Flyball, 9S)
Bottom of the 2nd over - 0 run(s), 0 hit(s), 0 error(s), 1 left on base; Moose Jaw 3 - San Diego 0
TOP OF THE 3RD
Moose Jaw Ghostbusters batting - Pitching for San Diego Smashers : RHP Duane Carlson
Batting: LHB Will Vale 0-0: Ball
1-0: Ground out 1-3 (Groundball, 13S)
Batting: RHB Earl Wiggins 0-0: Ground out 5-3 (Groundball, 5L)
Batting: RHB Paco Hernández 0-0: Foul Ball, location: 2F
0-1: Foul Ball, location: 2F
0-2: Ball
1-2: Foul Ball, location: 2F
1-2: Ball
2-2: Ball
3-2: Strikes out swinging
Top of the 3rd over - 0 run(s), 0 hit(s), 0 error(s), 0 left on base; Moose Jaw 3 - San Diego 0
BOTTOM OF THE 3RD
San Diego Smashers batting - Pitching for Moose Jaw Ghostbusters : RHP Ken Rogers
Batting: SHB José González 0-0: Ball
1-0: Called Strike
1-1: Bunt for hit - play at first, batter safe!
Batting: RHB Luis Peña 0-0: Foul Ball, location: 2F
0-1: Called Strike
0-2: Foul Ball, location: 2F
0-2: Foul Ball, location: 2F
0-2: Ball
1-2: Ball
2-2: Ball
3-2: SINGLE (Line Drive, 7S)
José González to second
Batting: RHB Cisco Gatán 0-0: Ball
1-0: Ball
2-0: Ball
3-0: Base on Balls
José González to third
Luis Peña to second
Batting: LHB Jeffrey Bascombe 0-0: Called Strike
0-1: DOUBLE (Groundball, 5L)
José González scores
Luis Peña scores
Cisco Gatán to third
Batting: LHB Raúl Guerra 0-0: Ball
1-0: Ball
2-0: Ball
3-0: Called Strike
3-1: Base on Balls
Batting: RHB Francisco Castillo 0-0: Ball
1-0: Foul Ball, location: 2F
1-1: GRAND SLAM HOME RUN (Flyball, 89XD), Distance : 415 ft
Batting: SHB Yoshitoki Kouda 0-0: Fly out, F7 (Line Drive, 78M)
Batting: LHB Raynard Brenner 0-0: Ball
1-0: Ball
2-0: Foul Ball, location: 2F
2-1: Ball
3-1: Foul Ball, location: 2F
3-2: Strikes out looking
Batting: RHB Miguel Moreno 0-0: Foul Ball, location: 2F
0-1: Ball
1-1: Swinging Strike
1-2: Foul Ball, location: 2F
1-2: Ground out 4-3 (Groundball, 4M)
Bottom of the 3rd over - 6 run(s), 4 hit(s), 0 error(s), 0 left on base; Moose Jaw 3 - San Diego 6
TOP OF THE 4TH
Moose Jaw Ghostbusters batting - Pitching for San Diego Smashers : RHP Duane Carlson
Batting: LHB Bartolo Villanueva 0-0: Called Strike
0-1: Ball
1-1: Foul Ball, location: 2F
1-2: Strikes out swinging
Batting: RHB Domingo Matos 0-0: SINGLE (Groundball, 6MD)
Batting: RHB John Major 0-0: Ball
1-0: Swinging Strike
1-1: Ball
2-1: Ball
3-1: Called Strike
3-2: DOUBLE (Flyball, 89D)
Domingo Matos to third
Domingo Matos scores
Batting: RHB Aaron Wilson 0-0: Swinging Strike
0-1: Fly out, F8 (Flyball, 89M)
Batting: LHB Carlos López 0-0: Ball
1-0: Called Strike
1-1: Ball
2-1: Called Strike
2-2: Ball
3-2: Fly out, F8 (Flyball, 8RM)
Top of the 4th over - 1 run(s), 2 hit(s), 0 error(s), 1 left on base; Moose Jaw 4 - San Diego 6
BOTTOM OF THE 4TH
San Diego Smashers batting - Pitching for Moose Jaw Ghostbusters : RHP Ken Rogers
Batting: SHB José González 0-0: Ground out 4-3 (Groundball, 4)
Batting: RHB Luis Peña 0-0: Called Strike
0-1: Fly out, F7 (Flyball, 7S)
Batting: RHB Cisco Gatán 0-0: Ground out 1-3 (Groundball, 15)
Bottom of the 4th over - 0 run(s), 0 hit(s), 0 error(s), 0 left on base; Moose Jaw 4 - San Diego 6
TOP OF THE 5TH
Moose Jaw Ghostbusters batting - Pitching for San Diego Smashers : RHP Duane Carlson
Batting: RHB Pedro Meza 0-0: Ball
1-0: Foul Ball, location: 2F
1-1: Swinging Strike
1-2: Foul Ball, location: 2F
1-2: Foul Ball, location: 2F
1-2: Strikes out looking
Batting: LHB Will Vale 0-0: Ball
1-0: Foul Ball, location: 2F
1-1: Ball
2-1: Swinging Strike
2-2: Strikes out looking
Batting: RHB Earl Wiggins 0-0: DOUBLE (Flyball, 9LM)
Batting: RHB Paco Hernández 0-0: Ball
1-0: Swinging Strike
1-1: Swinging Strike
1-2: Ball
2-2: Strikes out looking
Top of the 5th over - 0 run(s), 1 hit(s), 0 error(s), 1 left on base; Moose Jaw 4 - San Diego 6
BOTTOM OF THE 5TH
San Diego Smashers batting - Pitching for Moose Jaw Ghostbusters : RHP Ken Rogers
Batting: LHB Jeffrey Bascombe 0-0: Fly out, F7 (Flyball, 78M)
Batting: LHB Raúl Guerra 0-0: Ball
1-0: Called Strike
1-1: Foul Ball, location: 2F
1-2: Strikes out swinging
Batting: RHB Francisco Castillo 0-0: Ball
1-0: Ball
2-0: Ball
3-0: Called Strike
3-1: Base on Balls
Batting: SHB Yoshitoki Kouda 0-0: Called Strike
Francisco Castillo steals 2nd base
0-1: 2-RUN HOME RUN (Flyball, 9D), Distance : 399 ft
Pitching: RHP Máximo Marín
Batting: LHB Raynard Brenner 0-0: DOUBLE (Flyball, 89XD)
Batting: RHB Miguel Moreno 0-0: Foul Ball, location: 2F
0-1: Ball
1-1: Ball
2-1: Foul Ball, location: 2F
2-2: Ground out 5-3 (Groundball, 56S)
Bottom of the 5th over - 2 run(s), 2 hit(s), 0 error(s), 1 left on base; Moose Jaw 4 - San Diego 8
TOP OF THE 6TH
Moose Jaw Ghostbusters batting - Pitching for San Diego Smashers : RHP Duane Carlson
Batting: LHB Bartolo Villanueva 0-0: Ball
1-0: Ball
2-0: Fly out, F7 (Flyball, 7M)
Batting: RHB Domingo Matos 0-0: Ball
1-0: Ball
2-0: Ball
3-0: Called Strike
3-1: Base on Balls
Pitching: RHP Dan Ford
Batting: RHB John Major 0-0: Ball
1-0: Swinging Strike
1-1: Ball
2-1: Ball
3-1: Foul Ball, location: 2F
3-2: Base on Balls
Domingo Matos to second
Batting: RHB Aaron Wilson 0-0: Fly out, F9 (Flyball, 9M)
Batting: LHB Carlos López 0-0: SINGLE (Groundball, 34D)
Domingo Matos to third
John Major to second
Runner from 3rd tries for Home, SAFE, no throw or cutoff
Batting: RHB Pedro Meza 0-0: Called Strike
0-1: Ball
1-1: Ball
2-1: Ball
3-1: SINGLE (Line Drive, 4MD)
John Major to third
Carlos López to second
Batting: LHB Will Vale 0-0: Foul Ball, location: 2F
0-1: Fly out, F9 (Flyball, 9M)
Top of the 6th over - 1 run(s), 2 hit(s), 0 error(s), 3 left on base; Moose Jaw 5 - San Diego 8
BOTTOM OF THE 6TH
San Diego Smashers batting - Pitching for Moose Jaw Ghostbusters : RHP Máximo Marín
Batting: SHB José González 0-0: Ball
1-0: Ball
2-0: Called Strike
2-1: Ball
3-1: Base on Balls
Batting: RHB Luis Peña 0-0: Called Strike
0-1: Foul Ball, location: 2F
0-2: Ball
José González is caught stealing 2nd base
1-2: Ball
2-2: Reached on error, E2 (Groundball, 25)
Batting: RHB Cisco Gatán 0-0: Ball
1-0: Called Strike
1-1: Ball
2-1: Called Strike
2-2: Foul Ball, location: 2F
2-2: Ground out 5-3 (Groundball, 15S)
Luis Peña to third
Batting: LHB Jeffrey Bascombe 0-0: DOUBLE (Flyball, 89D)
Luis Peña scores
Batting: LHB Raúl Guerra 0-0: Swinging Strike
0-1: Swinging Strike
0-2: Ball
1-2: Ball
2-2: Foul Ball, location: 2F
2-2: Ball
3-2: Base on Balls
Batting: RHB Francisco Castillo 0-0: Called Strike
0-1: Foul Ball, location: 2F
0-2: Strikes out swinging
Bottom of the 6th over - 1 run(s), 1 hit(s), 1 error(s), 2 left on base; Moose Jaw 5 - San Diego 9
TOP OF THE 7TH
Moose Jaw Ghostbusters batting - Pitching for San Diego Smashers : RHP Dan Ford
Batting: RHB Earl Wiggins 0-0: Swinging Strike
0-1: Called Strike
0-2: Ball
1-2: Foul Ball, location: 2F
1-2: Foul Ball, location: 2F
1-2: Ball
2-2: Ball
3-2: Base on Balls
Batting: RHB Paco Hernández 0-0: Ball
1-0: Fielders Choice at 2nd, 4-6 (Groundball, 34)
Batting: LHB Bartolo Villanueva 0-0: Ball
1-0: Called Strike
1-1: Foul Ball, location: 2F
1-2: Fly out, F8 (Flyball, 8LM)
Batting: RHB Domingo Matos 0-0: Ball
1-0: Swinging Strike
1-1: Ball
2-1: Ground out 1-3 (Groundball, 13S)
Top of the 7th over - 0 run(s), 0 hit(s), 0 error(s), 1 left on base; Moose Jaw 5 - San Diego 9
BOTTOM OF THE 7TH
San Diego Smashers batting - Pitching for Moose Jaw Ghostbusters : RHP Máximo Marín
Batting: SHB Yoshitoki Kouda 0-0: Ball
1-0: Ball
2-0: Foul Ball, location: 2F
2-1: Ground out 1-3 (Groundball, 13S)
Batting: LHB Raynard Brenner 0-0: Called Strike
0-1: Swinging Strike
0-2: Strikes out swinging
Batting: RHB Miguel Moreno 0-0: Called Strike
0-1: Ball
1-1: Ball
2-1: Ground out 4-3 (Groundball, 4)
Bottom of the 7th over - 0 run(s), 0 hit(s), 0 error(s), 0 left on base; Moose Jaw 5 - San Diego 9
TOP OF THE 8TH
Moose Jaw Ghostbusters batting - Pitching for San Diego Smashers : RHP Dan Ford
Batting: RHB John Major 0-0: Ball
1-0: Foul Ball, location: 2F
1-1: SINGLE (Groundball, 4MD)
Batting: RHB Aaron Wilson 0-0: Ball
1-0: Ball
2-0: Ball
3-0: Called Strike
3-1: Base on Balls
John Major to second
Pitching: RHP Warren Johnson
Batting: LHB Carlos López 0-0: Ball
1-0: Called Strike
1-1: Ball
2-1: Ball
3-1: DOUBLE (Line Drive, 7LS)
John Major scores
Aaron Wilson to third
Batting: RHB Pedro Meza 0-0: Called Strike
0-1: Swinging Strike
0-2: Ball
1-2: Strikes out swinging
Batting: LHB Will Vale 0-0: Ball
1-0: Ball
2-0: Ball
3-0: Base on Balls
Batting: RHB Earl Wiggins 0-0: Ball
1-0: Ball
2-0: Ball
3-0: Called Strike
3-1: Called Strike
3-2: Fly out, F8 (Line Drive, 8LXD)
Runner from 3rd tags up, SCORES, no throw
Carlos López to third
Batting: RHB Paco Hernández 0-0: Called Strike
0-1: SINGLE (Groundball, 56D)
Carlos López scores
Will Vale to second
Batting: LHB Bartolo Villanueva 0-0: Called Strike
0-1: Ball
1-1: Ground out U3 (Groundball, 3)
Top of the 8th over - 3 run(s), 3 hit(s), 0 error(s), 2 left on base; Moose Jaw 8 - San Diego 9
BOTTOM OF THE 8TH
San Diego Smashers batting - Pitching for Moose Jaw Ghostbusters : RHP Máximo Marín
Pitching: RHP Daniel Félix
Batting: SHB José González 0-0: Swinging Strike
0-1: SINGLE (Groundball, 34)
Pinch Hitting: RHB Javier García 0-0: Ball
1-0: Sac Bunt - play at first, batter OUT! 3-4
José González to second
Batting: RHB Cisco Gatán 0-0: Called Strike
0-1: Ball
1-1: Ball
2-1: Foul Ball, location: 2F
2-2: Ball
Passed Ball!
José González to third
3-2: Ground out 6-3 (Groundball, 6M)
Batting: LHB Jeffrey Bascombe 0-0: Called Strike
0-1: SINGLE (Line Drive, 56)
José González scores
Batting: LHB Raúl Guerra 0-0: Swinging Strike
0-1: Ball
1-1: Ball
2-1: Foul Ball, location: 2F
2-2: Ball
3-2: SINGLE (Groundball, 34)
Jeffrey Bascombe to second
Jeffrey Bascombe to third
Batting: RHB Francisco Castillo 0-0: SINGLE (Groundball, 5L)
Jeffrey Bascombe scores
Raúl Guerra to second
Batting: SHB Yoshitoki Kouda 0-0: Ball
1-0: Swinging Strike
1-1: TRIPLE (Flyball, 78XD)
Raúl Guerra scores
Francisco Castillo scores
Pitching: RHP Whit Johnson
Batting: LHB Raynard Brenner 0-0: Fly out, F6 (Popup, 6)
Bottom of the 8th over - 4 run(s), 5 hit(s), 0 error(s), 1 left on base; Moose Jaw 8 - San Diego 13
TOP OF THE 9TH
Moose Jaw Ghostbusters batting - Pitching for San Diego Smashers : RHP Warren Johnson
Now at 1B: Alfredo Fernández
Now in CF: Javier García
Batting: RHB Domingo Matos 0-0: Called Strike
0-1: Ball
1-1: Foul Ball, location: 2F
1-2: Ball
2-2: Ground out 5-3 (Groundball, 5)
Batting: RHB John Major 0-0: Fly out, F9 (Flyball, 9S)
Batting: RHB Aaron Wilson 0-0: Called Strike
0-1: Fly out, F4 (Popup, 4D)
Top of the 9th over - 0 run(s), 0 hit(s), 0 error(s), 0 left on base; Moose Jaw 8 - San Diego 13
This league is powered by Out of the Park Baseball, the baseball management simulation game for PC, Mac and Linux
Wednesday, December 2nd, 2015 - OOTP Baseball 16.8 Build 38